 Dungeon Crawl Stone Soup version 0.30.0-20-g3615ddf2f0 (webtiles) character file.

Game seed: 11182225709924422170

6315 qw the Cleaver (level 10, -3/63 HPs)
             Began as a Gargoyle Fighter on May 31, 2023.
             Was a Believer of Okawaru.
             Slain by an acid dragon (9 damage)
             ... on level 9 of the Dungeon.
             The game lasted 00:04:45 (7778 turns).

qw the Cleaver (Gargoyle Fighter)                   Turns: 7778, Time: 00:04:45

Health: -3/63      AC: 25    Str: 28    XL:     10   Next: 95%
Magic:  9/11       EV: 11    Int:  9    God:    Okawaru [**....]
Gold:   182        SH: 12    Dex:  9    Spells: 9/9 levels left

rFire   . . .        Y - +1 war axe
rCold   + . .        u - +0 kite shield
rNeg    + . .        x - +0 chain mail
rPois   inf          l - +0 helmet
rElec   +            b - +0 cloak
rCorr   .            t - +0 pair of gloves
SInv    .            y - +0 pair of boots
Will    .....        (no amulet)
Stlth   +            r - ring of protection from cold
HPRegen 0.30/turn    v - +4 ring of strength
MPRegen 0.12/turn

%: no passive effects
@: about to teleport, heroic
A: sickness immunity, AC +7, negative energy resistance 1, electricity
resistance, torment resistance 1, petrification resistance, low MP 1, sense
surroundings 1, MP-powered wands, sturdy frame 1
a: Renounce Religion, Heroism


You were on level 9 of the Dungeon.
You worshipped Okawaru.
Okawaru was pleased with you.
You visited 2 branches of the dungeon, and saw 10 of its levels.
You also visited: Sewer.

You collected 347 gold pieces.
You spent 165 gold pieces at shops.


Innate Abilities, Weirdness & Mutations

You are immune to sickness and miasma.
Your stone body is resilient. (AC +7)
You are immune to poison.
You resist negative energy. (rN+)
You are resistant to electric shocks. (rElec)
You are resistant to unholy torment.
You are immune to petrification.
Your magical capacity is low. (-10% MP)
You passively map a small area around you.
You expend magic power (3 MP) to strengthen your wands.
Your movements are slightly less encumbered by armour. (ER -2)


   Skills:
 + Level 7.4(12.4) Fighting
 - Level 10.0(15.0) Axes
 - Level 1.1(6.1) Throwing
 - Level 6.4(11.4) Armour
 - Level 2.2(7.2) Dodging
 - Level 9.1(14.1) Shields
 - Level 4.1 Invocations


You had 9 spell levels left.
You didn't know any spells.
Your spell library was empty.

Inventory:

Hand Weapons
 z - a +1 heavy flail
 Y - a +1 war axe (weapon)
Missiles
 c - a boomerang (quivered)
Armour
 b - a +0 cloak (worn)
 l - a +0 helmet (worn)
 t - a +0 pair of gloves (worn)
 u - a +0 kite shield (worn)
 x - a +0 chain mail (worn)
 y - a +0 pair of boots (worn)
Jewellery
 g - the ring "Gopp" {rElec rPois MP+9 Dex+5 Stlth-}
   (You found it on level 4 of the Dungeon)

   [ring of magical power]

   Dex:       It affects your dexterity (+5).
   rElec:     It insulates you from electricity.
   rPois:     It protects you from poison.
   MP:        It affects your magic capacity (+9).
   Stlth:     It makes you less stealthy.
 r - a ring of protection from cold (left hand)
 v - a +4 ring of strength (right hand)
Wands
 m - a wand of digging (5)
Scrolls
 e - a scroll of identify
 p - a scroll of teleportation
Potions
 a - a potion of lignification
 d - 4 potions of might
 f - a potion of cancellation {unknown}
 i - 8 potions of curing
 j - 3 potions of attraction
 k - a potion of resistance {unknown}
 n - a potion of ambrosia {unknown}
 q - a potion of magic {unknown}
 s - a potion of berserk rage {unknown}
 w - a potion of haste

Dungeon Overview and Level Annotations

Branches:
Dungeon (9/15)             Temple (1/1) D:5           Sewer (visited)
   Lair: D:8-11         Orc: D:9-12

Altars:
Ashenzari
Dithmenos
Elyvilon
Fedhas
Gozag
Hepliaklqana
Kikubaaqudgha
Makhleb
Nemelex Xobeh
Okawaru
Qazlal
Ru
Sif Muna
Trog
Uskayaw
Vehumet
Wu Jian
Xom
Yredelemnul
Zin
The Shining One

Shops:
D:1 [   D:3 :   D:4 :   D:5 =   D:6 *

Annotations:
D:7 1 runed translucent door, Crazy Yiuf


Message History

You feel like a meek peon again.
The two-headed ogre is engulfed in a cloud of scalding steam.
The two-headed ogre closely misses you.
The two-headed ogre hits you with a +0 giant club.
7771 ||| INVOKING Heroism.
You gain the combat prowess of a mighty hero.
The two-headed ogre barely misses you. The two-headed ogre closely misses you.
An acid dragon comes into view.
A steam dragon comes into view.
The acid dragon roars!
The steam dragon hisses angrily.
You slash the two-headed ogre!
The two-headed ogre is almost dead.
The steam dragon breathes steam at you. The ball of steam hits you!
You hit the two-headed ogre but do no damage.
The two-headed ogre is almost dead.
You are engulfed in a cloud of scalding steam.
You block the two-headed ogre's attack. x2
You barely miss the two-headed ogre.
The two-headed ogre is almost dead.
You slash the two-headed ogre!
The two-headed ogre is almost dead.
You are engulfed in a cloud of scalding steam.
The acid dragon spits acid at you. The splash of acid hits you!!
The two-headed ogre barely misses you. You block the two-headed ogre's attack.
7776 ||| READING 2 scrolls of teleportation.
As you read the scroll of teleportation, it crumbles to dust.
You feel strangely unstable.
You are engulfed in a cloud of scalding steam.
The two-headed ogre hits you but does no damage.
The two-headed ogre barely misses you.
You hit the two-headed ogre.
The two-headed ogre is almost dead.
You are engulfed in a cloud of scalding steam.
You hit the two-headed ogre.
You kill the two-headed ogre!
Okawaru is honoured by your kill.
You hit the acid dragon. The acid dragon bites you!
You die...

, , .. , * ,..
.#. #.## ...#*
#..# #..# ##..#
#..######...###
#!.#...D%....# ,
*###.....#)#.#.#
#.....#)@..)..#
# #)#)#D#.#.# ,
*#)....))..# ,
###.#)#)#.#
#...)...# *
#####...#* * ,,
, .....# #.#..#
, ,, , ......#


You could see a steam dragon and an acid dragon (catching breath).

Vanquished Creatures
  A centaur warrior (D:8)
  A two-headed ogre (D:9)
  Maggie (D:7)
  An unseen horror (D:6)
  4 steam dragons
  4 water moccasins
  An ice beast (D:5)
  A sky beast (D:6)
  3 orc warriors
  2 black bears
  6 phantoms
  A centaur (D:7)
  2 bullfrogs
  3 kobold brigands
  A scorpion (D:6)
  29 wights
  2 water moccasin zombies (D:4)
  3 howler monkeys
  3 hounds
  2 jellies (D:6)
  2 bullfrog zombies (D:4)
  A gnoll bouda (D:6)
  3 orc priests
  A bullfrog skeleton (D:4)
  3 iguanas
  4 orc wizards
  A sleepcap (D:7)
  2 scorpion zombies (D:4)
  A hound zombie (D:4)
  A howler monkey zombie (D:4)
  9 adders
  9 gnolls
  2 river rats (Sewer)
  A white imp (D:4)
  2 ufetubi
  An adder skeleton (D:4)
  2 adder zombies (D:4)
  A worm (D:3)
  5 dart slugs
  21 orcs
  6 bats
  5 endoplasms
  3 giant cockroaches
  6 goblins
  5 hobgoblins
  9 jackals
  21 kobolds
  3 quokkas
  10 ball pythons
  6 frilled lizards
  2 jackal skeletons (D:4)
  A quokka skeleton (D:4)
  9 rats
229 creatures vanquished.

Vanquished Creatures (others)
  A wizard (D:5)
1 creature vanquished.

Grand Total: 230 creatures vanquished

Notes
Turn   | Place    | Note
-------+----------+-------------------------------------------
     0 | D:1      | qw the Gargoyle Fighter began the quest for the Orb.
     0 | D:1      | Reached XP level 1. HP: 14/14 MP: 1/1
     0 | D:1      | 0 ||| qw: Version: 0.2-a-102-gfc559e5
     0 | D:1      | 0 ||| qw: Game counter: 534
     0 | D:1      | 0 ||| qw: Always use a shield: true
     0 | D:1      | 0 ||| qw: God list: Okawaru
     0 | D:1      | 0 ||| qw: Allow faded altars: false
     0 | D:1      | 0 ||| qw: Do Orc after D:15 true
     0 | D:1      | 0 ||| qw: Do second Lair branch before Depths: true
     0 | D:1      | 0 ||| qw: Lair rune preference: random
     0 | D:1      | 0 ||| qw: Plans: Normal, Zot:1-4, Slime:5, God:TSO, Crypt,
                  | Tomb, Pan, Hells, Abyss, Win
     0 | D:1      | 0 ||| PLANNING D:1-11
    17 | D:1      | Reached skill level 2 in Axes
    46 | D:1      | 46 ||| Stepping ~*~*~tactically~*~*~ (stealth).
    49 | D:1      | 49 ||| Stepping ~*~*~tactically~*~*~ (stealth).
    53 | D:1      | Reached XP level 2. HP: 19/19 MP: 2/2
    53 | D:1      | 53 ||| Stepping ~*~*~tactically~*~*~ (hiding).
   138 | D:1      | 138 ||| Stepping ~*~*~tactically~*~*~ (stealth).
   173 | D:1      | 173 ||| DROPPING +0 club.
   340 | D:1      | Reached skill level 3 in Axes
   350 | D:1      | 350 ||| Stepping ~*~*~tactically~*~*~ (hiding).
   360 | D:1      | Reached XP level 3. HP: 23/23 MP: 3/3
   663 | D:1      | Found Pavig Koge's Armour Boutique.
   671 | D:1      | 671 ||| SHOPLISTING +0 buckler of reflection (102 gold,
                  | have 28).
   671 | D:1      | 671 ||| SHOPLISTING +0 chain mail (54 gold, have 28).
   671 | D:1      | 671 ||| SHOPLISTING +0 pair of boots (54 gold, have 28).
   671 | D:1      | 671 ||| SHOPLISTING +0 plate armour (276 gold, have 28).
   843 | D:1      | 843 ||| READING scroll labelled FICSABRECEDD.
   844 | D:1      | 844 ||| READING scroll labelled ZUUZEBL ONIM.
   845 | D:1      | 845 ||| DRINKING 2 bubbling cyan potions.
  1204 | D:2      | Reached XP level 4. HP: 25/28 MP: 4/4
  1285 | D:2      | 1285 ||| Stepping ~*~*~tactically~*~*~ (hiding).
  1684 | D:2      | 1684 ||| READING 2 scrolls labelled DOXIQA MEVVUWA.
  1685 | D:2      | 1685 ||| READING scroll labelled PIETRUMARU.
  1689 | D:2      | 1689 ||| DRINKING 2 cyan potions.
  1690 | D:2      | 1690 ||| DRINKING 3 ruby potions.
  1691 | D:2      | 1691 ||| DROPPING scroll of summoning.
  1692 | D:2      | 1692 ||| DROPPING potion of degeneration.
  1693 | D:2      | 1693 ||| DROPPING 2 potions of brilliance.
  1712 | D:3      | 1712 ||| PLANNING SEWER
  1743 | D:3      | Found an ornate altar of the Wu Jian Council.
  1782 | D:3      | Noticed a water moccasin
  1783 | D:3      | 1783 ||| Stepping ~*~*~tactically~*~*~ (stealth).
  1798 | D:3      | Killed a water moccasin
  1799 | D:3      | Reached skill level 5 in Axes
  1799 | D:3      | Reached XP level 5. HP: 10/32 MP: 5/5
  2028 | D:3      | 2028 ||| Stepping ~*~*~tactically~*~*~ (stealth).
  2076 | D:3      | Found a faded altar of an unknown god.
  2086 | D:3      | Found Vilogate's Book Boutique.
  2307 | D:3      | Found a glowing drain.
  2308 | D:3      | 2308 ||| UPGRADING to ring of protection from cold.
  2309 | D:3      | 2309 ||| READING scroll labelled RAUGGI ETSE.
  2310 | D:3      | 2310 ||| READING scroll labelled FAESHR QAYDE.
  2411 | D:3      | 2411 ||| READING scroll labelled IMUYRGH ITUUZA.
  2434 | D:3      | 2434 ||| READING scroll labelled NUCOIRCHE RASTRO.
  2440 | Sewer    | Entered a sewer
  2524 | Sewer    | 2524 ||| Stepping ~*~*~tactically~*~*~ (water).
  2565 | Sewer    | Reached XP level 6. HP: 35/38 MP: 6/6
  2729 | Sewer    | 2729 ||| READING scroll labelled MAFYOC FAOXTES.
  2730 | Sewer    | 2730 ||| READING scroll labelled BAXINE ACUSKA.
  2731 | Sewer    | 2731 ||| DRINKING 2 dark potions.
  2732 | Sewer    | 2732 ||| DRINKING 2 green potions.
  2732 | Sewer    | Gained mutation: You are vulnerable to heat. (rF-) [potion
                  | of mutation]
  2732 | Sewer    | Gained mutation: You are clumsy. (Dex -2) [potion of
                  | mutation]
  2732 | Sewer    | Gained mutation: You possess an exceptional clarity of
                  | mind. [potion of mutation]
  2733 | Sewer    | 2733 ||| DRINKING potion of mutation.
  2733 | Sewer    | Lost mutation: You are clumsy. (Dex -2) [potion of
                  | mutation]
  2733 | Sewer    | Lost mutation: You are vulnerable to heat. (rF-) [potion of
                  | mutation]
  2733 | Sewer    | Lost mutation: You possess an exceptional clarity of mind.
                  | [potion of mutation]
  2733 | Sewer    | Gained mutation: You passively map a small area around you.
                  | [potion of mutation]
  2733 | Sewer    | Gained mutation: Your magical capacity is low. (-10% MP)
                  | [potion of mutation]
  2733 | Sewer    | Gained mutation: You expend magic power (3 MP) to
                  | strengthen your wands. [potion of mutation]
  2733 | Sewer    | Gained mutation: Your movements are slightly less
                  | encumbered by armour. (ER -2) [potion of mutation]
  2779 | D:3      | 2779 ||| PLANNING D:1-11
  2857 | D:4      | 2857 ||| STAIRDANCE
  2871 | D:4      | 2871 ||| STAIRDANCE
  2898 | D:4      | Reached skill level 1 in Dodging
  2913 | D:4      | Noticed a water moccasin
  2933 | D:4      | Killed a water moccasin
  2934 | D:4      | Reached skill level 6 in Axes
  2934 | D:4      | Reached XP level 7. HP: 25/43 MP: 6/6
  3026 | D:4      | Found Foddid's Tremendous Tomes.
  3042 | D:4      | 3042 ||| Stepping ~*~*~tactically~*~*~ (stealth).
  3083 | D:4      | 3083 ||| Stepping ~*~*~tactically~*~*~ (stealth).
  3098 | D:4      | 3098 ||| Stepping ~*~*~tactically~*~*~ (hiding).
  3126 | D:4      | 3126 ||| Stepping ~*~*~tactically~*~*~ (stealth).
  3131 | D:4      | 3131 ||| Stepping ~*~*~tactically~*~*~ (stealth).
  3136 | D:4      | 3136 ||| Stepping ~*~*~tactically~*~*~ (stealth).
  3201 | D:4      | Reached skill level 7 in Axes
  3622 | D:4      | Reached XP level 8. HP: 42/49 MP: 7/7
  3694 | D:4      | Identified the ring "Gopp" {rElec rPois MP+9 Dex+5 Stlth-}
  3953 | D:4      | 3953 ||| UPGRADING to +0 helmet.
  3958 | D:4      | 3958 ||| UPGRADING to +0 pair of gloves.
  3963 | D:4      | 3963 ||| UPGRADING to ring "Gopp" {rElec rPois MP+9 Dex+5
                  | Stlth-}.
  4024 | D:4      | 4024 ||| READING scroll labelled MECO ZOXUOBBYSOG.
  4025 | D:4      | 4025 ||| READING scroll labelled QANEANTUADOHI.
  4030 | D:5      | Entered Level 5 of the Dungeon
  4033 | D:5      | Found a glowing silver altar of Zin.
  4038 | D:5      | 4038 ||| Stepping ~*~*~tactically~*~*~ (stealth).
  4039 | D:5      | 4039 ||| Stepping ~*~*~tactically~*~*~ (stealth).
  4054 | D:5      | 4054 ||| DROPPING +0 whip.
  4066 | D:5      | Found an opulent altar of Gozag.
  4088 | D:5      | Reached skill level 8 in Axes
  4130 | D:5      | Found a staircase to the Ecumenical Temple.
  4131 | D:5      | 4131 ||| PLANNING TEMPLE
  4138 | Temple   | Entered the Ecumenical Temple
  4144 | Temple   | 4144 ||| PLANNING OKAWARU WORSHIP
  4290 | Temple   | Became a worshipper of Warmaster Okawaru
  4290 | Temple   | 4290 ||| PLANNING D:1-11
  4324 | D:5      | 4324 ||| Stepping ~*~*~tactically~*~*~ (stealth).
  4541 | D:5      | Found Vadu Qum's One-of-a-Kind Rings.
  4550 | D:5      | 4550 ||| SHOPLISTING +3 ring of slaying (495 gold, have
                  | 182).
  4550 | D:5      | 4550 ||| BUYING +4 ring of strength (165 gold).
  4550 | D:5      | Bought a +4 ring of strength for 165 gold pieces
  4550 | D:5      | 4550 ||| SHOPLISTING +7 ring of protection (1138 gold, have
                  | 17).
  4550 | D:5      | 4550 ||| SHOPLISTING ring "Semeont" {rN+ rCorr} (358 gold,
                  | have 17).
  4550 | D:5      | 4550 ||| SHOPLISTING ring of Rearphuma {Drain Fly rF++
                  | Str+5} (515 gold, have 17).
  4550 | D:5      | 4550 ||| Stepping ~*~*~tactically~*~*~ (stealth).
  4551 | D:5      | 4551 ||| Stepping ~*~*~tactically~*~*~ (stealth).
  4554 | D:5      | 4554 ||| Stepping ~*~*~tactically~*~*~ (hiding).
  4561 | D:5      | Reached skill level 6 in Fighting
  4582 | D:5      | Reached * piety under Okawaru
  4730 | D:5      | Found a bloodstained altar of Trog.
  4752 | D:5      | Noticed a wizard
  4755 | D:5      | Killed a wizard
  4866 | D:5      | 4866 ||| UPGRADING to +0 chain mail.
  4876 | D:5      | 4876 ||| DROPPING +0 scale mail.
  4877 | D:5      | 4877 ||| UPGRADING to +0 pair of boots.
  4882 | D:5      | 4882 ||| UPGRADING to +4 ring of strength.
  4884 | D:5      | 4884 ||| READING scroll labelled VOISEO WARAZ.
  4885 | D:5      | 4885 ||| DRINKING 2 clear potions.
  4907 | D:6      | 4907 ||| INVOKING Heroism.
  4923 | D:6      | Reached XP level 9. HP: 37/55 MP: 6/8
  5019 | D:6      | Reached skill level 1 in Invocations
  5093 | D:6      | 5093 ||| INVOKING Heroism.
  5132 | D:6      | Reached skill level 9 in Axes
  5155 | D:6      | 5155 ||| Stepping ~*~*~tactically~*~*~ (stealth).
  5156 | D:6      | 5156 ||| Stepping ~*~*~tactically~*~*~ (stealth).
  5158 | D:6      | 5158 ||| INVOKING Heroism.
  5248 | D:6      | Killed an unseen horror
  5249 | D:6      | Reached skill level 3 in Invocations
  5343 | D:6      | Found Ejohin's Elemental Accessories.
  5532 | D:6      | 5532 ||| INVOKING Heroism.
  5679 | D:6      | 5679 ||| UPGRADING to +0 cloak.
  5684 | D:6      | 5684 ||| UPGRADING to +0 kite shield.
  5694 | D:6      | 5694 ||| DROPPING +0 buckler.
  5695 | D:6      | 5695 ||| DRINKING 2 puce potions.
  5696 | D:6      | 5696 ||| READING 2 scrolls of identify.
  5696 | D:6      | 5696 ||| IDENTIFYING black potion
  5722 | D:7      | 5722 ||| INVOKING Heroism.
  5737 | D:7      | 5737 ||| Stepping ~*~*~tactically~*~*~ (hiding).
  5760 | D:7      | 5760 ||| Stepping ~*~*~tactically~*~*~ (hiding).
  5761 | D:7      | 5761 ||| Stepping ~*~*~tactically~*~*~ (hiding).
  5884 | D:7      | Noticed Maggie
  5885 | D:7      | 5885 ||| Stepping ~*~*~tactically~*~*~ (hiding).
  5886 | D:7      | 5886 ||| Stepping ~*~*~tactically~*~*~ (hiding).
  5888 | D:7      | 5888 ||| Stepping ~*~*~tactically~*~*~ (hiding).
  5889 | D:7      | 5889 ||| Stepping ~*~*~tactically~*~*~ (hiding).
  5902 | D:7      | 5902 ||| INVOKING Heroism.
  5905 | D:7      | Killed Maggie
  5906 | D:7      | Reached skill level 6 in Shields
  6046 | D:7      | 6046 ||| Stepping ~*~*~tactically~*~*~ (hiding).
  6047 | D:7      | 6047 ||| Stepping ~*~*~tactically~*~*~ (hiding).
  6048 | D:7      | 6048 ||| Stepping ~*~*~tactically~*~*~ (hiding).
  6049 | D:7      | 6049 ||| Stepping ~*~*~tactically~*~*~ (hiding).
  6185 | D:7      | 6185 ||| Stepping ~*~*~tactically~*~*~ (stealth).
  6238 | D:7      | 6238 ||| DROPPING +0 flail.
  6261 | D:7      | Reached ** piety under Okawaru
  6262 | D:7      | Reached skill level 1 in Throwing
  6262 | D:7      | Reached XP level 10. HP: 60/61 MP: 11/11
  6403 | D:7      | Found a sacrificial altar of Ru.
  6579 | D:7      | Found a runed translucent door.
  6580 | D:7      | Noticed Crazy Yiuf
  6728 | D:8      | 6728 ||| INVOKING Heroism.
  6836 | D:8      | 6836 ||| INVOKING Heroism.
  6843 | D:8      | 6843 ||| Stepping ~*~*~tactically~*~*~ (cloud).
  6884 | D:8      | 6884 ||| INVOKING Heroism.
  6887 | D:8      | 6887 ||| Stepping ~*~*~tactically~*~*~ (hiding).
  6890 | D:8      | 6890 ||| Stepping ~*~*~tactically~*~*~ (hiding).
  6960 | D:8      | 6960 ||| Stepping ~*~*~tactically~*~*~ (stealth).
  6962 | D:8      | 6962 ||| Stepping ~*~*~tactically~*~*~ (stealth).
  6963 | D:8      | 6963 ||| Stepping ~*~*~tactically~*~*~ (stealth).
  6965 | D:8      | 6965 ||| Stepping ~*~*~tactically~*~*~ (stealth).
  6966 | D:8      | 6966 ||| Stepping ~*~*~tactically~*~*~ (stealth).
  6968 | D:8      | 6968 ||| INVOKING Heroism.
  7006 | D:8      | 7006 ||| Stepping ~*~*~tactically~*~*~ (hiding).
  7066 | D:8      | 7066 ||| Stepping ~*~*~tactically~*~*~ (stealth).
  7067 | D:8      | 7067 ||| Stepping ~*~*~tactically~*~*~ (stealth).
  7302 | D:8      | 7302 ||| Stepping ~*~*~tactically~*~*~ (stealth).
  7303 | D:8      | 7303 ||| Stepping ~*~*~tactically~*~*~ (stealth).
  7358 | D:8      | 7358 ||| Stepping ~*~*~tactically~*~*~ (stealth).
  7370 | D:8      | Reached skill level 9 in Shields
  7403 | D:8      | Noticed a centaur warrior
  7408 | D:8      | 7408 ||| INVOKING Heroism.
  7413 | D:8      | Killed a centaur warrior
  7414 | D:8      | Reached skill level 6 in Armour
  7636 | D:9      | 7636 ||| Stepping ~*~*~tactically~*~*~ (stealth).
  7642 | D:9      | 7642 ||| INVOKING Heroism.
  7655 | D:9      | HP: 14/63 [orc warrior/+0 flail (10)]
  7656 | D:9      | 7656 ||| READING 3 scrolls of teleportation.
  7657 | D:9      | 7657 ||| DRINKING potion of heal wounds.
  7664 | D:9      | 7664 ||| INVOKING Heroism.
  7682 | D:9      | 7682 ||| Stepping ~*~*~tactically~*~*~ (cloud).
  7685 | D:9      | 7685 ||| Stepping ~*~*~tactically~*~*~ (hiding).
  7687 | D:9      | 7687 ||| Stepping ~*~*~tactically~*~*~ (hiding).
  7689 | D:9      | 7689 ||| INVOKING Heroism.
  7710 | D:9      | 7710 ||| INVOKING Heroism.
  7726 | D:9      | 7726 ||| INVOKING Heroism.
  7747 | D:9      | Reached skill level 10 in Axes
  7749 | D:9      | 7749 ||| INVOKING Heroism.
  7753 | D:9      | Noticed a two-headed ogre
  7754 | D:9      | 7754 ||| Stepping ~*~*~tactically~*~*~ (stealth).
  7755 | D:9      | 7755 ||| Stepping ~*~*~tactically~*~*~ (stealth).
  7758 | D:9      | 7758 ||| Stepping ~*~*~tactically~*~*~ (stealth).
  7759 | D:9      | 7759 ||| Stepping ~*~*~tactically~*~*~ (stealth).
  7767 | D:9      | 7767 ||| Stepping ~*~*~tactically~*~*~ (cloud).
  7771 | D:9      | 7771 ||| INVOKING Heroism.
  7775 | D:9      | HP: 6/63 [acid dragon/splash of acid (30)]
  7776 | D:9      | 7776 ||| READING 2 scrolls of teleportation.
  7778 | D:9      | Killed a two-headed ogre
  7778 | D:9      | Slain by an acid dragon

Levels and vault maps discovered:
D:1:      dpeg_arrival_solitude, layout_basic, serial_shops, shop,
          kennysheep_pointless_box
D:2:      layout_basic
D:3:      layout_rooms, old_standard_altar, serial_shops, shop,
          portal_sewer_entry_e, ebering_ecumenical_altar_webs,
          minmay_misc_feat_x
D:4:      layout_basic, serial_undead, serial_undead_a, serial_undead_b,
          serial_undead_c, serial_undead_a, serial_undead_c, serial_undead_c,
          serial_undead_d, nicolae_shop_i_like_big_books
D:5:      layout_cave_pools, mainiacjoe_overflow_paths, trog_wizard,
          zin_academy, minmay_temple_entry_crystal_x, nicolae_shop_unique_rings
D:6:      layout_basic, minivault_25, nicolae_elemental_shop, minmay_manual_mess
D:7:      layout_loops_cross, mainiacjoe_overflow_small_starburst, uniq_maggie,
          uniq_crazy_yiuf_cottage
D:8:      layout_loops_ring
D:9:      layout_rooms, serial_glass, glass_columns_b, glass_columns_a,
          glass_columns_b, glass_columns_a, glass_columns_a
Temple:   nicolae_temple_elliptical

Skill      XL: |  1  2  3  4  5  6  7  8  9 10 |
---------------+-------------------------------+-----
Axes           | 2 3 5 6 7 8 9 10 | 10.0
Fighting       | 4 5 6 7 |  7.4
Dodging        | 1 2 |  2.2
Armour         | 4 5 6 |  6.4
Invocations    | 4 |  4.1
Shields        | 7 9 |  9.1
Throwing       | 1 |  1.1

Action                     |  1- 3 |  4- 6 |  7- 9 | 10-12 || total
---------------------------+-------+-------+-------+-------++-------
  Melee: War axe           |    96 |   116 |   364 |   184 ||   760
  Throw: Boomerang         |       |       |     7 |    31 ||    38
 Invoke: Heroism           |       |       |     6 |    12 ||    18
    Use: Scroll            |     2 |     8 |     4 |     2 ||    16
         Potion            |     1 |     5 |     2 |     1 ||     9
 Armour: Scale mail        |    37 |    77 |    97 |       ||   211
         Chain mail        |       |       |   126 |    87 ||   213
  Dodge: Dodged            |    37 |    71 |   133 |    71 ||   312
  Block: Buckler           |    10 |    23 |    38 |       ||    71
         Kite shield       |       |       |    31 |    86 ||   117

Table legend:
 A = Non-vault XP
 B = Vault XP
 C = Vault XP percentage of total XP
 D = Non-vault monster count
 E = Vault monster count
 F = Vault count percentage of total count
                 A         B        C        D         E       F
            +---------+---------+-------+---------+---------+-------
      Total |    8139 |    1662 |  17.0 |     195 |      34 |  14.8
            +---------+---------+-------+---------+---------+-------
        D:1 |      56 |       0 |   0.0 |      28 |       0 |   0.0
        D:2 |      31 |       0 |   0.0 |      11 |       0 |   0.0
        D:3 |     179 |       0 |   0.0 |      18 |       0 |   0.0
        D:4 |     506 |     624 |  55.2 |      25 |      17 |  40.5
        D:5 |     666 |       0 |   0.0 |      18 |       0 |   0.0
        D:6 |     837 |     567 |  40.4 |      22 |       3 |  12.0
        D:7 |    1161 |     395 |  25.4 |      21 |       1 |   4.5
        D:8 |    2251 |       0 |   0.0 |      22 |       0 |   0.0
        D:9 |    2452 |       0 |   0.0 |      30 |       0 |   0.0
      Sewer |       0 |      76 | 100.0 |       0 |      13 | 100.0
            +---------+---------+-------+---------+---------+-------
